 Dungeon Crawl Stone Soup version 0.27-a0-1301-g128193abf8 (console) character file.

Game seed: 1043068707302123968

98616 jejorda2 the Fencer (level 16, -1/190 HPs)
             Began as a Merfolk Berserker on June 17, 2021.
             Was the Champion of Trog.
             Hit by a boomerang thrown by a merfolk (14 damage)
             ... on level 1 of the Shoals.
             The game lasted 01:21:58 (25527 turns).

jejorda2 the Fencer (Merfolk Berserker)            Turns: 25527, Time: 01:21:59

Health: -1/190     AC: 26    Str: 29    XL:     16   Next: 22%
Magic:  16/16      EV: 35    Int: 12    God:    Trog [******]
Gold:   197        SH:  0    Dex: 22    Spells: 15/15 levels left

rFire    + . .     SeeInvis .   a - +8 arc blade {discharge, rElec}
rCold    + + .     Faith    .   (no shield)
rNeg     + . .     Spirit   .   u - +5 ring mail "Cunuvics" {rN+ Stlth+}
rPois    +         Reflect  .   U - +0 helmet of the Arcane {rF+ rC++ Dex+3}
rElec    +         Harm     .   m - +2 cloak {rPois}
rCorr    .         Rampage  .   t - +2 pair of gloves
Will     +++..                  w - +0 pair of boots
Stlth    ..........             S - amulet "Kimuy" {Acrobat Str+5 Int+5 Slay+3}
HPRegen  1.41/turn              c - +4 ring of protection
MPRegen  0.15/turn              n - +6 ring of dexterity

@: berserking, strong-willed, acrobatic, regenerating, studying Throwing, very
quick
A: (nimble swimmer 2), mertail
a: Renounce Religion, Berserk, Trog's Hand, Brothers in Arms


You were on level 1 of the Shoals.
You worshipped Trog.
Trog was exalted by your worship.
You visited 4 branches of the dungeon, and saw 21 of its levels.
You also visited: Gauntlet.

You collected 2208 gold pieces.
You spent 2011 gold pieces at shops.

Inventory:

Hand Weapons
 a - the +8 arc blade (weapon) {discharge, rElec}
   (You found it on level 12 of the Dungeon)

   It insulates you from electricity.
 b - a +0 demon blade of flaming
 Y - a +3 antimagic great sword
Missiles
 i - 48 poisoned darts
 o - 6 datura-tipped darts
 r - 45 boomerangs (quivered)
 A - 2 javelins
 D - 5 throwing nets
 E - 6 silver boomerangs
 F - a curare-tipped dart
 Q - 18 silver javelins
 V - 6 boomerangs of dispersal
Armour
 m - a +2 cloak of poison resistance (worn)
 t - a +2 pair of gloves (worn)
 u - the +5 ring mail "Cunuvics" (worn) {rN+ Stlth+}
   (You found it on level 5 of the Dungeon)

   It protects you from negative energy.
   It makes you more stealthy.
 w - a +0 pair of boots (worn)
 U - the +0 helmet of the Arcane (worn) {rF+ rC++ Dex+3}
   (You bought it in a shop on level 2 of the Orcish Mines)

   It affects your dexterity (+3).
   It protects you from fire.
   It greatly protects you from cold.
Jewellery
 c - a +4 ring of protection (left hand)
 n - a +6 ring of dexterity (right hand)
 p - a ring of flight
 s - a ring of positive energy
 S - the amulet "Kimuy" (around neck) {Acrobat Str+5 Int+5 Slay+3}
   (You found it on level 4 of the Lair of Beasts)

   [amulet of the acrobat]

   It increases your evasion while moving and waiting.
   It affects your strength (+5).
   It affects your intelligence (+5).
   It affects your accuracy and damage with ranged weapons and melee attacks
   (+3).
Wands
 f - a wand of digging (5)
 g - a wand of iceblast (11)
 y - a wand of acid (21)
 B - a wand of paralysis (19)
 L - a wand of polymorph (11)
 P - a wand of charming (5)
 R - a wand of flame (52)
Scrolls
 h - 4 scrolls of silence
 k - 5 scrolls of teleportation
 l - 4 scrolls of identify
 x - 2 scrolls of fog
 G - 3 scrolls of fear
 K - 4 scrolls of blinking
 O - a scroll of immolation
 W - a scroll of summoning
Potions
 d - 4 potions of mutation
 e - 4 potions of haste
 j - 9 potions of curing
 q - 2 potions of lignification
 v - a potion of might
 z - 2 potions of ambrosia
 C - 2 potions of cancellation
 H - a potion of invisibility
 I - 3 potions of flight
 J - 2 potions of heal wounds
 M - 7 potions of attraction
 T - a potion of magic
Miscellaneous
 N - a lightning rod (4/4)


   Skills:
 + Level 12.3 Fighting
 - Level 9.5(14.0) Short Blades
 - Level 15.2(16.0) Long Blades
 - Level 12.0 Throwing
 * Level 10.7 Armour
 + Level 11.9 Dodging
 + Level 6.6 Evocations


You had 15 spell levels left.
You didn't know any spells.
Your spell library was empty.

Dungeon Overview and Level Annotations

Branches:
Dungeon (12/15)            Temple (0/1) D:5            Lair (6/6) D:10
 Shoals (1/4) Lair:4       Spider (0/4) Lair:4        Slime (0/5) Lair:5
    Orc (2/2) D:11            Elf (0/3) Orc:2       Gauntlet (visited)

Altars:
Qazlal
Ru
Beogh

Shops:
D:4 !   Orc:1 **   Orc:2 [*:*   Shoals:1 (

Portals:
Pandemonium: Orc:2

Annotations:
D:4 2 transporters, DemonSlayer's ghost, amateur HuCK
D:8 Dig scroll
Shoals:1 2 runed translucent doors


Innate Abilities, Weirdness & Mutations

((You are quick and stealthy near water. (Stealth+, EV+, Speed+++)))
Your lower body shifts to a powerful aquatic tail in water.


Message History

Unknown command.
You puncture the harpy!
The harpy is moderately wounded.
The harpy misses you. The harpy barely misses you.
Your troll bites the harpy!
The harpy dies!
Trog accepts your kill. The water elemental hits you.
The water elemental engulfs you in water!
You puncture the merfolk!
The merfolk is moderately wounded.
The harpy barely misses you. The harpy claws you.
* * * LOW HITPOINT WARNING * * *
The merfolk hits you with a +0 trident!
* * * LOW HITPOINT WARNING * * *
The water elemental hits you.
* * * LOW HITPOINT WARNING * * *
Unknown command.
You slip free of the water engulfing you.
The water engulfing you falls away.
The harpy screeches!
The harpy completely misses you. x2; The merfolk completely misses you.
The water elemental misses you.
Unknown command.
You impale the harpy!!
You kill the harpy!
Trog accepts your kill. Really attack your troll?
You impale the water elemental!!
The arc blade crackles.
The air crackles with electrical energy.
The water elemental is heavily damaged.
Your troll bites the water elemental!
Your troll claws the water elemental.
Your troll claws the water elemental but does no damage.
The merfolk throws a boomerang.
The boomerang completely misses you. The water elemental closely misses you.
Press: ? - help, v - describe, . - travel A teleport trap.
Unknown command.
A water elemental comes into view.
The merfolk throws a boomerang.
The boomerang hits you!
You die...

#. .. ............E ....
#............ ##..#
.##...........##.. .....
..#............... .....
§.#.......m...≈..≈≈≈
.....
≈§+.............≈≈≈≈≈
.....
#§+.^?..........≈≈≈.≈≈
.....
§.#....@..^...$.≈≈..≈≈
.....
[≈#.........##...≈..≈≈≈
....≈
#.#...†EE.≈m##$.....≈≈≈≈
..P≈≈
#...mT†...........≈≈≈≈
####≈
≈≈≈.≈...............≈≈≈≈
..(#
≈≈≈≈≈c≈..........≈≈≈≈≈≈≈
.)(#
...≈≈≈≈≈...##†..≈≈≈≈≈≈≈≈
...#
P.≈≈≈≈≈≈..####..≈≈≈≈≈≈≈≈
#### P≈≈≈≈≈≈≈.##
#...≈≈≈≈≈≈≈


You could see a merfolk aquamancer, 2 merfolk, a faun, 3 water elementals and a
friendly troll (summoned, berserk).

Vanquished Creatures
  Frances (D:12)
  A quicksilver ooze (shapeshifter) (D:8)
  A minotaur (Gauntlet)
  A fire dragon (Lair:6)
  Snorg (Lair:3)
  A merfolk javelineer (Shoals:1)
  A merfolk impaler (Shoals:1)
  10 hydras
  A boulder beetle (Lair:5)
  2 catoblepae
  2 centaur warriors
  2 alligators
  5 two-headed ogres
  7 orc high priests (Orc:2)
  A death scarab (Gauntlet)
  A shock serpent (D:12)
  A sixfirhy (D:12)
  2 sea snakes (Shoals:1)
  An infernal demonspawn (Orc:2)
  A swamp dragon (Lair:6)
  A gelid demonspawn (Orc:2)
  12 harpies (Shoals:1)
  A deep elf pyromancer (D:8)
  6 cyclopes
  6 orc sorcerers
  6 orc knights
  A spectral boulder beetle (Gauntlet)
  3 manticores
  An ice statue (Orc:1)
  Joseph (D:7)
  4 black mambas
  Maggie (D:7)
  A rust devil (Orc:2)
  A centaur zombie (D:11)
  A gargoyle (D:12)
  3 rime drakes
  An unseen horror (D:12)
  16 cane toads
  7 komodo dragons
  2 ice devils (Orc:2)
  A red devil (Orc:2)
  3 merfolk (Shoals:1)
  A hellwing (Orc:2)
  3 meliai (Gauntlet)
  11 polar bears
  7 trolls
  A wind drake (Shoals:1)
  Grinder (D:6)
  Prince Ribbit (Lair:3)
  5 raiju
  27 blink frogs
  5 slime creatures (D:12)
  4 centaur simulacra (Gauntlet)
  2 redbacks (Lair:4)
  A ynoxinul (Orc:2)
  A wraith (D:12)
  A shadow (D:6)
  58 yaks
  A water elemental (Shoals:1)
  A wyvern (D:10)
  8 basilisks
  4 steam dragons (Lair:6)
  A chaos spawn (Orc:2)
  The ghost of IdlyInterested the Twirler, an amateur DsGl (D:3)
  4 vampire mosquitoes
  5 wargs
  An acid dragon (Lair:6)
  17 water moccasins
  15 hell hounds (Lair:6)
  18 black bears
  39 orc warriors
  A sky beast (D:5)
  10 ogres
  A necrophage (D:7)
  2 phantoms
  36 wolves
  7 centaurs
  2 kobold brigands
  11 bullfrogs
  A cane toad simulacrum (Gauntlet)
  6 scorpions
  A water moccasin skeleton (D:4)
  5 killer bees (D:9)
  13 wights
  5 electric eels
  A bullfrog zombie (D:5)
  2 hounds
  22 orc priests
  3 gnoll shamans
  Crazy Yiuf (D:2)
  8 iguanas
  2 jellies
  Terence (D:2)
  Natasha (thrice) (D:3)
  A hell rat (Lair:4)
  18 orc wizards
  2 killer bee zombies
  A hound skeleton (D:5)
  A howler monkey zombie (D:7)
  10 gnolls
  16 adders
  A shadow imp (D:7)
  A white imp (D:7)
  3 ufetubi (D:6)
  4 worms
  88 orcs
  8 ball pythons
  5 endoplasms
  2 giant cockroaches
  5 goblins
  7 hobgoblins
  18 jackals
  3 quokkas (D:1)
  3 training dummies (Shoals:1)
  3 bats
  5 frilled lizards
  15 kobolds
  6 rats
  A butterfly (Lair:6)
737 creatures vanquished.

Vanquished Creatures (collateral kills)
  A catoblepas (Lair:5)
  A sixfirhy (D:12)
  2 harpies (Shoals:1)
4 creatures vanquished.

Vanquished Creatures (others)
  An orc wizard (Orc:1)
  15 fungi
  68 plants
84 creatures vanquished.

Grand Total: 825 creatures vanquished

Notes
Turn   | Place    | Note
-------+----------+-------------------------------------------
     0 | D:1      | jejorda2 the Merfolk Berserker began the quest for the Orb.
     0 | D:1      | Reached XP level 1. HP: 18/18 MP: 1/1
   350 | D:1      | Reached XP level 2. HP: 24/24 MP: 2/2
   880 | D:1      | Reached XP level 3. HP: 29/29 MP: 3/3
   909 | D:1      | Reached skill level 4 in Long Blades
  1015 | D:1      | Found a faded altar of an unknown god.
  1320 | D:1      | Reached ** piety under Trog
  1714 | D:2      | Noticed a scorpion
  1724 | D:2      | Killed a scorpion
  1725 | D:2      | Reached XP level 4. HP: 17/37 MP: 4/4
  2429 | D:2      | Found a runed translucent door.
  2430 | D:2      | Noticed Crazy Yiuf
  2435 | D:2      | Killed Crazy Yiuf
  2436 | D:2      | Reached skill level 5 in Long Blades
  2436 | D:2      | Reached XP level 5. HP: 42/42 MP: 5/5
  2547 | D:2      | Noticed Terence
  2554 | D:2      | Killed Terence
  3334 | D:3      | Noticed an ogre
  3343 | D:3      | Killed an ogre
  3344 | D:3      | Reached XP level 6. HP: 45/49 MP: 6/6
  3526 | D:3      | Found a runed translucent gate.
  3526 | D:3      | Noticed IdlyInterested's ghost (amateur DsGl)
  3527 | D:3      | Found a runed translucent gate.
  3527 | D:3      | Identified the +7 hand axe of Nuidgho {venom, Str+6 Int+4}
  3528 | D:3      | Found a runed translucent gate.
  3750 | D:3      | Reached skill level 6 in Long Blades
  4013 | D:3      | Noticed Natasha
  4024 | D:3      | Killed Natasha
  4428 | D:3      | Noticed Natasha
  4442 | D:3      | Killed Natasha
  4699 | D:3      | Noticed Natasha
  4708 | D:3      | Killed Natasha
  4761 | D:3      | Killed IdlyInterested's ghost
  4762 | D:3      | Reached skill level 5 in Fighting
  4762 | D:3      | Reached XP level 7. HP: 56/56 MP: 7/7
  5025 | D:4      | Reached skill level 7 in Long Blades
  5173 | D:4      | Noticed DemonSlayer's ghost (amateur HuCK)
  5184 | D:4      | Found a transporter.
  5225 | D:4      | Found a transporter.
  5515 | D:4      | Identified the +9 whip "Bymnir" {freeze, Stlth+}
  5576 | D:4      | Reached *** piety under Trog
  5577 | D:4      | Reached XP level 8. HP: 64/64 MP: 8/8
  5698 | D:4      | Found Tegal's Distillery.
  5706 | D:4      | Bought a potion of lignification for 42 gold pieces
  5921 | D:5      | Entered Level 5 of the Dungeon
  6049 | D:5      | Reached skill level 8 in Long Blades
  6277 | D:5      | Found a staircase to the Ecumenical Temple.
  6359 | D:5      | Reached skill level 9 in Long Blades
  6646 | D:5      | Identified the +5 ring mail "Cunuvics" {rN+ Stlth+}
  6812 | D:6      | Noticed Grinder
  6918 | D:6      | Reached XP level 9. HP: 69/69 MP: 9/9
  6930 | D:6      | Killed Grinder
  6943 | D:6      | Reached skill level 10 in Long Blades
  7189 | D:6      | Reached skill level 5 in Armour
  7481 | D:6      | Reached **** piety under Trog
  7583 | D:6      | Reached skill level 5 in Dodging
  7847 | D:7      | Noticed Maggie
  7859 | D:7      | Killed Maggie
  7860 | D:7      | Reached skill level 11 in Long Blades
  8135 | D:7      | Noticed a two-headed ogre
  8145 | D:7      | Killed a two-headed ogre
  8146 | D:7      | Reached XP level 10. HP: 76/76 MP: 8/10
  8154 | D:7      | Noticed Joseph
  8204 | D:7      | Killed Joseph
  8207 | D:7      | Reached skill level 12 in Long Blades
  8687 | D:8      | Noticed a four-headed hydra
  8687 | D:8      | Noticed a cyclops
  8689 | D:8      | Noticed a deep elf pyromancer
  8691 | D:8      | Noticed a two-headed ogre
  8692 | D:8      | Noticed a centaur warrior
  9149 | D:8      | Reached skill level 1 in Throwing
  9149 | D:8      | Reached skill level 1 in Evocations
  9732 | D:9      | Reached ***** piety under Trog
  9766 | D:9      | Noticed a cyclops
  9773 | D:9      | Killed a cyclops
  9979 | D:9      | Noticed a centaur warrior
 10092 | D:9      | Killed a centaur warrior
 10093 | D:9      | Reached skill level 13 in Long Blades
 10411 | D:9      | Found a sacrificial altar of Ru.
 10648 | D:10     | Entered Level 10 of the Dungeon
 10661 | D:10     | Noticed a two-headed ogre
 10671 | D:10     | Killed a two-headed ogre
 10672 | D:10     | Reached XP level 11. HP: 81/81 MP: 9/11
 10741 | D:10     | Noticed a two-headed ogre
 10750 | D:10     | Killed a two-headed ogre
 11225 | D:10     | Reached skill level 14 in Long Blades
 11357 | D:10     | Found a staircase to the Lair.
 11567 | D:10     | Noticed a two-headed ogre
 11580 | D:10     | Killed a two-headed ogre
 11581 | D:10     | Reached skill level 5 in Throwing
 11581 | D:10     | Reached skill level 5 in Evocations
 11814 | D:11     | Noticed a cyclops
 11825 | D:11     | Killed a cyclops
 11902 | D:11     | Found a staircase to the Orcish Mines.
 12643 | D:12     | Reached XP level 12. HP: 80/88 MP: 12/12
 12787 | D:12     | Noticed Frances
 12803 | D:12     | Killed Frances
 12956 | D:12     | Noticed a shock serpent
 12957 | D:12     | Found the +8 arc blade {discharge, rElec}
 13049 | D:12     | Reached skill level 15 in Long Blades
 13104 | D:12     | Killed a shock serpent
 13212 | D:12     | Reached skill level 1 in Short Blades
 13435 | D:12     | Found a stormy altar of Qazlal.
 13918 | D:8      | Noticed a quicksilver ooze
 13922 | D:8      | Killed a quicksilver ooze
 13923 | D:8      | Reached skill level 5 in Short Blades
 13932 | D:8      | Killed a four-headed hydra
 13938 | D:8      | Killed a centaur warrior
 13940 | D:8      | Killed a two-headed ogre
 14057 | Lair:1   | Entered Level 1 of the Lair of Beasts
 14084 | Lair:1   | Found a gate leading to a gauntlet.
 14096 | Gauntlet | Entered a Gauntlet
 14096 | Gauntlet | Found a transporter.
 14096 | Gauntlet | Found a runed translucent gate.
 14096 | Gauntlet | Found a transporter.
 14107 | Gauntlet | Found a transporter.
 14111 | Gauntlet | Found a transporter.
 14113 | Gauntlet | Noticed a death scarab
 14115 | Gauntlet | Found a runed translucent door.
 14117 | Gauntlet | Found a runed translucent door.
 14119 | Gauntlet | Found a transporter.
 14123 | Gauntlet | Found a transporter.
 14131 | Gauntlet | Found a transporter.
 14151 | Gauntlet | Found a transporter.
 14153 | Gauntlet | Noticed a great orb of eyes
 14171 | Gauntlet | Found a transporter.
 14172 | Gauntlet | Found a transporter.
 14180 | Gauntlet | Found a transporter.
 14184 | Gauntlet | Found a transporter.
 14186 | Gauntlet | Found a runed translucent gate.
 14186 | Gauntlet | Found a runed translucent gate.
 14235 | Gauntlet | Reached XP level 13. HP: 98/98 MP: 13/13
 14363 | Gauntlet | Identified the +0 cloak of Nebedut {rElec}
 14395 | Gauntlet | Identified the +11 dagger of Zin's Approval {vorpal, rF-
                  | rC++}
 14395 | Gauntlet | Noticed a minotaur
 14408 | Gauntlet | Killed a minotaur
 14478 | Gauntlet | Identified the +10 flail of Liamofeph {venom, Int+4}
 15395 | Lair:2   | Reached skill level 10 in Fighting
 15830 | Lair:2   | Received a gift from Trog
 16413 | Lair:3   | Reached XP level 14. HP: 112/113 MP: 14/14
 16646 | Lair:3   | Noticed Prince Ribbit
 16658 | Lair:3   | Killed Prince Ribbit
 16746 | Lair:3   | Noticed Snorg
 16757 | Lair:3   | Killed Snorg
 16758 | Lair:3   | Reached skill level 10 in Throwing
 17240 | Lair:4   | Identified the amulet "Kimuy" {Acrobat Str+5 Int+5 Slay+3}
 17611 | Lair:4   | Found a staircase to the Shoals.
 17687 | Lair:4   | Found a hole to the Spider Nest.
 18091 | Lair:5   | Received a gift from Trog
 18488 | Lair:5   | Found a staircase to the Slime Pits.
 19174 | Lair:6   | Entered Level 6 of the Lair of Beasts
 19638 | Lair:6   | Identified the +6 falchion of Zaossit {vamp, rElec rF+}
 19774 | Lair:6   | Reached XP level 15. HP: 115/120 MP: 15/15
 20069 | Lair:6   | Reached ****** piety under Trog
 20917 | Lair:6   | Reached skill level 10 in Dodging
 21115 | Orc:1    | Entered Level 1 of the Orcish Mines
 21195 | Orc:1    | Found Miwik's CLEARANCE SALE! EVERYTHING MUST GO!.
 21748 | Orc:1    | Received a gift from Trog
 21873 | Orc:1    | Bought a scroll of fog for 10 gold pieces
 21898 | Orc:1    | Found Joufywy's Assorted Antiques.
 21932 | Orc:1    | Paralysed by an orc sorcerer for 4 turns
 22235 | Orc:2    | Entered Level 2 of the Orcish Mines
 22512 | Orc:2    | Found Ryiriota's General Store.
 22520 | Orc:2    | Found Kokkol's General Store.
 22565 | Orc:2    | HP: 4/120 [orc warrior (19)]
 23356 | Orc:2    | Identified the +9 triple sword "Sommifiu" {vorpal, *Slow
                  | rPois rF+++ Str-4} (Trog gifted it to you on level 2 of the
                  | Orcish Mines)
 23356 | Orc:2    | Received a gift from Trog
 23666 | Orc:2    | Found a staircase to the Elven Halls.
 23877 | Orc:2    | Reached skill level 10 in Armour
 24203 | Orc:2    | Paralysed by an orc sorcerer for 7 turns
 24301 | Orc:2    | Found Oxtin's Antique Armour Shoppe.
 24301 | Orc:2    | Found Mufic's Book Emporium.
 24301 | Orc:2    | Found a one-way gate leading to the halls of Pandemonium.
 24308 | Orc:2    | Bought a brightly glowing helmet for 275 gold pieces
 24308 | Orc:2    | Identified the +0 helmet of the Arcane {rF+ rC++ Dex+3}
                  | (You bought it in a shop on level 2 of the Orcish Mines)
 24425 | Orc:1    | Bought a glowing cloak for 210 gold pieces
 24608 | Shoals:1 | Entered Level 1 of the Shoals
 24616 | Shoals:1 | Found Rumoq's Firing Range.
 24643 | Shoals:1 | Bought a manual of Throwing for 1435 gold pieces
 24643 | Shoals:1 | Bought a throwing net for 39 gold pieces
 24654 | Shoals:1 | Received a gift from Trog
 24693 | Shoals:1 | Reached XP level 16. HP: 79/127 MP: 16/16
 25513 | Shoals:1 | Found a large runed translucent door.
 25513 | Shoals:1 | Found a large runed translucent door.
 25527 | Shoals:1 | Hit by a boomerang thrown by a merfolk

Illustrated notes

Levels and vault maps discovered:
D:1:      dpeg_arrival_circle_labyrinth_c, layout_basic,
          serial_co_window_serial, co_window_paths_a,
          co_window_of_opportunity_a, co_window_of_opportunity_a,
          co_window_corner_a, co_window_paths_a, co_window_broadway_b,
          co_window_paths_c, co_window_broadway_a, co_window_corner_cb,
          glass_columns_c, shapermc_ecumenical_altar_mp_ritualfount,
          minmay_misc_feat_roman, st_stairs_4, minmay_quantized
D:2:      layout_basic, uniq_terence, uniq_crazy_yiuf_cottage
D:3:      layout_basic, biasface_ghost_orc_armoury, hex_tiny, uniq_natasha
D:4:      layout_cave_pods, serial_shops, shop_fountains,
          gammafunk_ghost_stat_death, st_stairs_14, minmay_cut_off
D:5:      layout_basic, temple_statues, cheibrodos_sewer_entry_bend
D:6:      layout_loops_ring, grunt_ministairs_2, serial_bayou_pond_e,
          uniq_grinder
D:7:      layout_rooms, uniq_joseph, uniq_maggie
D:8:      layout_cave_pods, onia_ninara_dug_in_and_dangerous
D:9:      layout_roguey, nicolae_ru_path_of_blood, minmay_liquid_box
D:10:     layout_irregular_city, minmay_lair_entry_grove
D:11:     layout_cave_pools, minmay_orc_entry_temple_small
D:12:     minmay_shoctagon, layout_layer_cave, minmay_misc_feat_iff,
          nicolae_qazlal_scattered_showers, uniq_frances
Lair:1:   layout_misc_corridors, gauntlet_entry_generic, lemuel_fruit_fields,
          grunt_megastairs_1
Lair:2:   layout_regular_city, beast_lair_carwin_9
Lair:3:   layout_gridlike, serial_bayou_shore_a, infiniplex_staircase_pool,
          grunt_megastairs_3, uniq_rupert, uniq_prince_ribbit2, uniq_snorg
Lair:4:   nzn_winding_woodlands_cross [nzn_winding_woodlands_5x15_pockets,
          nzn_winding_woodlands_5x15_split_checker,
          nzn_winding_woodlands_5x15_default,
          nzn_winding_woodlands_5x15_longhouse,
          nzn_winding_woodlands_15x15_eel_pit], layout_misc_corridors,
          elwin_shoals_entry_rooms, spider_nest_entry_a, lookout_lair_type,
          serial_bayou_pond_b
Lair:5:   layout_long_grid, dpeg_slime_entry_corner, serial_bayou_pond_e,
          cheibrodos_lair_reptile_den
Lair:6:   guppyfry_lair_end_dragon, layout_long_grid,
          hangedman_lair_caniforms_friends, lemuel_fruit_fields,
          lemuel_fruit_fields
Shoals:1: layout_shoals, ebering_ghost_disaster_area, nicolae_shop_firing_range
Orc:1:    layout_diamond_mine, serial_shops, shop, lemuel_statue_altar,
          nicolae_shop_clearance
Orc:2:    pf_orc_diabolical, layout_diamond_mine

Skill      XL: |  1  2  3  4  5  6  7  8  9 10 11 12 13 14 15 |
---------------+----------------------------------------------+-----
Long Blades    | 4 5 6 7 9 11 13 14 15 | 15.2
Fighting       | 4 5 6 7 11 12 | 12.3
Armour         | 2 3 4 5 6 8 10 | 10.7
Dodging        | 6 9 11 | 11.9
Throwing       | 3 6 7 9 11 12 | 12.0
Evocations     | 3 6 |  6.6
Short Blades   | 8 9 |  9.5

Action                   |  1- 3 |  4- 6 |  7- 9 | 10-12 | 13-15 | 16-18 || total
-------------------------+-------+-------+-------+-------+-------+-------++-------
Melee: Falchion          |   100 |   197 |   290 |       |       |       ||   587
       Scimitar          |       |       |    23 |   396 |       |       ||   419
       Rapier            |       |       |       |    27 |  1139 |    59 ||  1225
       Tailslap          |       |       |       |       |     5 |     7 ||    12
       Great sword       |       |       |       |       |     4 |       ||     4
Throw: Dart              |       |       |    10 |    50 |    20 |       ||    80
       Boomerang         |       |       |       |    10 |     2 |    10 ||    22
Invok: Berserk           |     1 |     6 |     6 |    11 |    13 |     1 ||    38
       Trog's Hand       |       |     3 |     2 |     4 |     5 |     1 ||    15
       Brothers in Arms  |       |       |       |     2 |     1 |     1 ||     4
Evoke: Wand              |       |       |       |     1 |     1 |       ||     2
  Use: Scroll            |       |       |    15 |     9 |     9 |       ||    33
       Potion            |       |       |       |       |     1 |       ||     1
 Stab: Sleeping          |       |       |       |     2 |     1 |       ||     3
       Petrifying        |       |       |       |       |     1 |       ||     1
       Distracted        |       |       |       |       |     1 |       ||     1
Armor: Animal skin       |     2 |       |       |       |       |       ||     2
       Leather armour    |    31 |    14 |       |       |       |       ||    45
       Chain mail        |       |    63 |   103 |       |       |       ||   166
       Ring mail         |       |       |    56 |   208 |   406 |    37 ||   707
Dodge: Dodged            |    76 |   103 |   132 |   241 |   711 |   133 ||  1396
       Rpst.: Falchion   |    27 |    41 |    42 |       |       |       ||   110
       Scimitar          |       |       |     1 |    62 |       |       ||    63

Table legend: (Time is in decaauts)
 A = Elapsed time spent in this place.
 B = Non-inter-level travel time spent in this place.
 C = Inter-level travel time spent in this place.
 D = Time resting spent in this place.
 E = Time spent auto-exploring this place.
 F = Levels seen in this place.
 G = Mean time per level.
                   A        B        C        D        E       F      G
               +--------+--------+--------+--------+--------+-----+--------+
         Total |  25018 |  23277 |   1741 |   1844 |  16868 |  22 | 1137.2 |
       Dungeon |  14648 |  13554 |   1094 |   1417 |   9477 |  12 | 1220.7 |
          Lair |   6675 |   6145 |    530 |    237 |   4887 |   6 | 1112.5 |
        Shoals |    635 |    635 |      0 |      0 |    499 |   1 |  635.0 |
  Orcish Mines |   2677 |   2561 |    116 |     85 |   1860 |   2 | 1338.5 |
      Gauntlet |    381 |    381 |      0 |    104 |    143 |   1 |  381.0 |
               +--------+--------+--------+--------+--------+-----+--------+

Top non-repeatable levels by time:
     D:1: 1977 daAuts
     D:3: 1819 daAuts
  Lair:6: 1641 daAuts
    D:12: 1450 daAuts
   Orc:2: 1350 daAuts
   Orc:1: 1326 daAuts
     D:2: 1322 daAuts
  Lair:4: 1260 daAuts
    D:10: 1242 daAuts
     D:8: 1140 daAuts
  Lair:5: 1091 daAuts
     D:9: 1049 daAuts
    D:11: 1025 daAuts
     D:6: 1012 daAuts
     D:5: 968 daAuts
